 Dungeon Crawl Stone Soup version 0.31-a0-702-gf82c85558f (webtiles) character file.

Game seed: 2180483877422519795

5617 Blimp the Spear-Bearer (level 10, 0/91 HPs)
             Began as a Minotaur Fighter on Sept 8, 2023.
             Was an Elder of Okawaru.
             Slain by an orc
             ... wielding a +0 dagger of venom
              (1 damage)
             ... on level 9 of the Dungeon.
             The game lasted 00:55:51 (7777 turns).

Blimp the Spear-Bearer (Minotaur Fighter)           Turns: 7777, Time: 00:55:51

Health: 0/91       AC: 12    Str: 26    XL:     10   Next: 45%
Magic:  9/9        EV:  6    Int:  5    God:    Okawaru [****..]
Gold:   412        SH:  4    Dex:  9    Spells: 9/9 levels left

rFire   . . .        h - +7 trident of Doom {flame, rN+}
rCold   . . .        c - +0 buckler
rNeg    + . .        s - +0 plate armour
rPois   .            (helmet restricted)
rElec   .            (no cloak)
rCorr   +            (no gloves)
SInv    .            p - +0 pair of boots
Will    .....        I - amulet of regeneration Stlth
                     E - ring of resist corrosion
HPRegen 1.15/turn    H - ring of flight
MPRegen 0.11/turn

%: no passive effects
@: lethally poisoned (0 -> -1), about to teleport, flying
A: horns 2, retaliatory headbutt
a: Renounce Religion, Heroism, Finesse


You were on level 9 of the Dungeon.
You worshipped Okawaru.
Okawaru was greatly pleased with you.
You visited 2 branches of the dungeon, and saw 10 of its levels.
You also visited: Ossuary.

You collected 454 gold pieces.
You spent 42 gold pieces at shops.

Inventory:

Hand Weapons
 a - a +0 flail
 h - the +7 trident of Doom (weapon) {flame, rN+}
   (You found it on level 4 of the Dungeon)

   rN+:       It protects you from negative energy.
 l - a +0 sling
 G - a +0 orcbow
Missiles
 b - 20 poisoned darts
 e - 42 stones (quivered)
 y - 3 boomerangs
Armour
 c - a +0 buckler (worn)
 p - a +0 pair of boots (worn)
 s - a +0 plate armour (worn)
Jewellery
 n - an amulet of magic regeneration
 E - a ring of resist corrosion (left hand)
 H - a ring of flight (right hand)
 I - an amulet of regeneration (around neck)
 K - an amulet of the acrobat
Wands
 w - a wand of iceblast (12)
 A - a wand of flame (52)
Scrolls
 f - 4 scrolls of immolation
 g - 3 scrolls of enchant weapon
 i - 2 scrolls of revelation
 m - a scroll of silence
 q - a scroll of brand weapon
 r - 2 scrolls of poison
 v - 2 scrolls of amnesia
 x - 2 scrolls of teleportation
 z - 2 scrolls of vulnerability {unknown}
 C - a scroll of fear {unknown}
 M - a scroll of summoning {unknown}
Potions
 d - a potion of might
 j - 6 potions of curing
 k - a potion of lignification {unknown}
 o - 2 potions of degeneration {unknown}
 t - 5 potions of heal wounds {unknown}
 u - 2 potions of attraction {unknown}
 B - a potion of brilliance {unknown}
 D - a potion of ambrosia {unknown}
 F - a potion of resistance {unknown}
 J - 2 potions of berserk rage {unknown}


   Skills:
 + Level 9.3 Fighting
 - Level 9.2 Maces & Flails
 - Level 14.0 Polearms
 - Level 3.6 Armour
 - Level 3.6 Shields


You had 9 spell levels left.
You didn't know any spells.
Your spell library contained the following spells:

 Spells                   Type           Power      Damage    Failure   Level
 Blink                    Tloc           0%         N/A       100%        2
 Poisonous Vapours        Pois/Air       0%         N/A       100%        2
 Scorch                   Fire           0%         2d5       100%        2
 Mephitic Cloud           Conj/Pois/Air  0%         N/A       100%        3
 Flame Wave               Conj/Fire      0%         2d4       100%        4
 Manifold Assault         Tloc           0%         N/A       100%        4
 Freezing Cloud           Conj/Ice/Air   0%         6-21      100%        5
 Summon Cactus Giant      Summ           Unusable   N/A       N/A         6

Dungeon Overview and Level Annotations

Branches:
Dungeon (9/15)             Temple (1/1) D:5             Orc (0/2) D:9
Ossuary (visited)
   Lair: D:8-11

Altars:
Dithmenos
Gozag
Hepliaklqana
Kikubaaqudgha
Nemelex Xobeh
Okawaru
Qazlal
Sif Muna
Uskayaw
Vehumet
Wu Jian
Xom
Yredelemnul
Zin

Shops:
D:6 ?   D:8 !   D:9 (

Annotations:
D:1 1 exclusion


Innate Abilities, Weirdness & Mutations

You have a pair of horns on your head.
You reflexively headbutt those who attack you in melee.


Message History

* * * LOW HITPOINT WARNING * * *
The gnoll hits you from afar with a +0 halberd!
* * * LOW HITPOINT WARNING * * *
You puncture the gnoll! You burn the gnoll.
The gnoll is almost dead.
You feel sick. The gnoll barely misses you.
Something hits you but does no damage. The orc hits you but does no damage.
You are more poisoned.
You are too confused!
You feel better. The orc hits you but does no damage.
The gnoll hits you from afar with a +0 halberd!
* * * LOW HITPOINT WARNING * * *
The gnoll barely misses you. The gnoll hits you with a +0 flail.
* * * LOW HITPOINT WARNING * * *
The gnoll bouda barely misses you. The orc hits you but does no damage.
You are poisoned.
You hear some strange, mumbled words.
A magic dart appears from out of thin air!
The magic dart hits you.
* * * LOW HITPOINT WARNING * * *
You feel better.
Your attacks no longer feel as feeble.
You block the orc's attack.
The gnoll hits you but does no damage. x2
The gnoll hits you with a +0 flail.
* * * LOW HITPOINT WARNING * * *
The orc hits you with a +0 dagger of venom.
* * * LOW HITPOINT WARNING * * *
You are poisoned.
Something hits you but does no damage.
The gnoll bouda hits you with a +0 whip!
* * * LOW HITPOINT WARNING * * *
As you read the scroll of teleportation, it crumbles to dust.
You feel strangely unstable.
You feel sick. The orc hits you but does no damage.
The gnoll barely misses you.
The gnoll hits you but does no damage. x2
The gnoll bouda hits you but does no damage.
Something hits you.
* * * LOW HITPOINT WARNING * * *
The orc hits you with a +0 dagger of venom.
You die...

#######........#
~~≈~≈~#........#
...............#
≈~~~~#........#
########.....)..#
...>............#
.........g..†...#
.........g{g....#
.........g@o....#
...........o....#
................#
...............##
..............##
..............#
...........)..##
...................#
................).##


You could see a gnoll bouda, 3 gnolls and 2 orcs.

Vanquished Creatures
  A two-headed ogre (D:9)
  Pikel (D:6)
  A shadow (D:8)
  A wyvern (D:8)
  3 yaks (D:8)
  A steam dragon (D:8)
  Menkaure (D:5)
  2 water moccasins
  4 ice beasts
  3 orc warriors
  2 sky beasts
  3 ogres
  4 centaurs
  A phantom (D:4)
  2 bullfrogs
  A wyvern zombie (Ossuary)
  2 scorpions (D:6)
  6 wights
  A water moccasin skeleton (D:4)
  3 killer bees (D:9)
  2 howler monkeys
  A centaur zombie (D:4)
  3 hounds
  2 jellies
  Crazy Yiuf (D:6)
  A bullfrog skeleton (D:4)
  2 orc priests (D:7)
  2 gnoll boudas (D:5)
  4 iguanas
  6 orc wizards
  A scorpion zombie (D:4)
  2 hound zombies (D:4)
  A mummy (Ossuary)
  Robin (D:2)
  10 gnolls (D:5)
  9 adders
  A shadow imp (D:7)
  3 white imps
  3 ufetubi
  An adder zombie (D:4)
  An adder skeleton (D:4)
  A worm (D:3)
  19 orcs
  3 bats (D:2)
  4 bat zombies (D:6)
  8 endoplasms
  3 giant cockroaches
  18 goblins
  8 hobgoblins
  16 jackals
  6 quokkas
  8 ball pythons
  3 frilled lizards
  5 kobolds
  9 rats
  A rat zombie (D:6)
212 creatures vanquished.

Notes
Turn   | Place    | Note
-------+----------+-------------------------------------------
     0 | D:1      | Blimp the Minotaur Fighter began the quest for the Orb.
     0 | D:1      | Reached XP level 1. HP: 19/19 MP: 0/0
   195 | D:1      | Reached XP level 2. HP: 25/26 MP: 1/1
   482 | D:1      | Reached XP level 3. HP: 19/31 MP: 2/2
   773 | D:2      | Found a faded altar of an unknown god.
   774 | D:2      | Noticed Robin
   828 | D:1      | Reached skill level 5 in Maces & Flails
   984 | D:2      | Killed Robin
   985 | D:2      | Reached XP level 4. HP: 36/39 MP: 3/3
  2121 | D:3      | Reached XP level 5. HP: 45/45 MP: 4/4
  2307 | D:4      | Found a sand-covered staircase.
  2315 | Ossuary  | Entered an ossuary
  2537 | D:4      | Reached XP level 6. HP: 47/51 MP: 5/5
  2926 | D:4      | Found a shadowy altar of Dithmenos.
  3017 | D:4      | Identified the +7 trident of Doom {flame, rN+}
  3034 | D:4      | Reached XP level 7. HP: 57/57 MP: 6/6
  3298 | D:5      | Entered Level 5 of the Dungeon
  3314 | D:5      | Reached skill level 2 in Polearms
  3376 | D:5      | Found an ornate altar of the Wu Jian Council.
  3385 | D:5      | Reached skill level 3 in Polearms
  3441 | D:5      | Found a stormy altar of Qazlal.
  3530 | D:5      | Reached skill level 4 in Polearms
  3559 | D:5      | Reached skill level 5 in Polearms
  3649 | D:5      | Reached skill level 6 in Polearms
  3731 | D:5      | Found a staircase to the Ecumenical Temple.
  3750 | Temple   | Entered the Ecumenical Temple
  3818 | Temple   | Became a worshipper of Warmaster Okawaru
  3965 | D:5      | Reached XP level 8. HP: 49/64 MP: 7/7
  4016 | D:5      | Noticed Menkaure
  4022 | D:5      | Killed Menkaure
  4023 | D:5      | Reached skill level 7 in Polearms
  4413 | D:5      | Reached skill level 8 in Polearms
  4611 | D:6      | Noticed Pikel
  4621 | D:6      | Killed Pikel
  4621 | D:6      | Reached * piety under Okawaru
  4622 | D:6      | Reached skill level 10 in Polearms
  4681 | D:6      | Found a runed translucent door.
  4682 | D:6      | Noticed Crazy Yiuf
  4686 | D:6      | Killed Crazy Yiuf
  4810 | D:6      | Reached XP level 9. HP: 53/70 MP: 8/8
  4909 | D:6      | Found Raiwnu's Magic Scroll Shop.
  4914 | D:6      | Reached skill level 11 in Polearms
  4939 | D:6      | Found a basalt altar of Yredelemnul.
  5041 | D:6      | Found the +2 ratskin cloak {*Rats rPois rN+ Str-1 Int-1
                  | Dex+1}
  5066 | D:6      | Reached ** piety under Okawaru
  5387 | D:6      | Found an ancient bone altar of Kikubaaqudgha.
  5606 | D:6      | Found a radiant altar of Vehumet.
  5606 | D:6      | Found a shimmering blue altar of Sif Muna.
  5859 | D:7      | Reached skill level 12 in Polearms
  6595 | D:8      | Found Qonaic's Distillery.
  6608 | D:8      | Bought a potion of curing for 42 gold pieces
  6622 | D:8      | Reached skill level 13 in Polearms
  6723 | D:8      | Reached *** piety under Okawaru
  6776 | D:8      | Reached skill level 14 in Polearms
  6804 | D:8      | Reached skill level 5 in Fighting
  6841 | D:8      | Reached XP level 10. HP: 68/81 MP: 9/9
  6921 | D:8      | Identified the +2 leather armour "Cahaomn" {rElec}
  7471 | D:9      | Reached **** piety under Okawaru
  7490 | D:9      | Found Niten's Weapon Boutique.
  7490 | D:9      | Found a staircase to the Orcish Mines.
  7692 | D:9      | Noticed a two-headed ogre
  7704 | D:9      | Killed a two-headed ogre
  7777 | D:9      | HP: 4/91 [poisoned by an orc]
  7777 | D:9      | HP: 1/91 [something (3)]
  7777 | D:9      | Slain by an orc

Illustrated notes

Levels and vault maps discovered:
D:1:      ncdulo_halloftheorcs, layout_basic, serial_bayou_pond_d, st_stairs_12,
          palyth_stone_intersect
D:2:      layout_basic, dreamdust_ecumenical_altar_statues,
          minmay_parallelograms, uniq_robin
D:3:      layout_rooms, serial_bayou_pond_c
D:4:      layout_cave_pools, mainiacjoe_overflow_brackets,
          nicolae_ossuary_entry_plus, serial_undead, serial_undead_e,
          serial_undead_f, serial_undead_e, serial_undead_f, due_unseen_surprise
D:5:      layout_rooms, nicolae_overflow_squiral,
          minmay_temple_entry_stoned_glass, serial_rivers,
          chequers_serial_rivers_micro_d, chequers_serial_rivers_small_a,
          chequers_serial_rivers_micro_e, chequers_serial_rivers_room_a,
          wad_floor_pattern_2, uniq_menkaure
D:6:      layout_basic, lemuel_zombie_altar_kikubaaqudgha,
          nicolae_overflow_hidden_temple, gammafunk_temple_overflow_wave,
          serial_shops, kennysheep_mini, uniq_pikel, uniq_crazy_yiuf_cottage
D:7:      layout_basic
D:8:      layout_cave_pools, serial_shops, shop
D:9:      layout_layer_cave, mainiacjoe_overflow_chevrons, cheibriados_altar_1,
          lightli_temple_of_fire, orc_david_3,
          amcnicky_mini_rare_corridor_liquid, uniq_gastronok
Temple:   hellmonk_temple_of_storms

Skill      XL: |  1  2  3  4  5  6  7  8  9 10 |
---------------+-------------------------------+-----
Maces & Flails | 3 4 5 6 7 9 |  9.2
Polearms       | 6 10 14 | 14.0
Fighting       | 5 9 |  9.3
Armour         | |  3.6
Shields        | |  3.6

Action                     |  1- 3 |  4- 6 |  7- 9 | 10-12 || total
---------------------------+-------+-------+-------+-------++-------
  Melee: Flail             |    93 |   186 |       |       ||   279
         Headbutt          |    13 |    31 |    35 |     6 ||    85
         Trident           |       |     7 |   222 |    74 ||   303
   Fire: Sling             |     3 |       |       |       ||     3
  Throw: Stone             |       |       |     2 |       ||     2
    Use: Scroll            |     1 |     4 |     1 |     3 ||     9
         Potion            |       |       |       |     2 ||     2
 Armour: Scale mail        |    75 |    17 |       |       ||    92
         Plate armour      |       |   134 |   161 |   102 ||   397
  Dodge: Dodged            |    63 |    55 |    52 |    33 ||   203
  Block: Buckler           |    27 |    35 |    25 |     6 ||    93

Table legend: (Time is in decaauts)
 A = Elapsed time spent in this place.
 B = Non-inter-level travel time spent in this place.
 C = Inter-level travel time spent in this place.
 D = Time resting spent in this place.
 E = Time spent auto-exploring this place.
 F = Levels seen in this place.
 G = Mean time per level.
                   A        B        C        D        E       F      G
               +--------+--------+--------+--------+--------+-----+--------+
         Total |   7755 |   7755 |      0 |   1270 |   1657 |  11 |  705.0 |
       Dungeon |   7534 |   7534 |      0 |   1161 |   1657 |   9 |  837.1 |
        Temple |    179 |    179 |      0 |    100 |      0 |   1 |  179.0 |
       Ossuary |     41 |     41 |      0 |      9 |      0 |   1 |   41.0 |
               +--------+--------+--------+--------+--------+-----+--------+

Top non-repeatable levels by time:
     D:5: 1103 daAuts
     D:6: 1051 daAuts
     D:4: 959 daAuts
     D:7: 894 daAuts
     D:2: 869 daAuts
     D:1: 849 daAuts
     D:8: 842 daAuts
     D:3: 623 daAuts
     D:9: 340 daAuts
  Temple: 179 daAuts
 Ossuary: 41 daAuts
